 Dungeon Crawl Stone Soup version 0.22-a0-223-g0f5d773 (webtiles) character file.

28 vishdafish the Slasher (level 3, 17/28 HPs)
             Began as a Demonspawn Gladiator on Feb 18, 2018.
             Quit the game on level 2 of the Dungeon.
             The game lasted 00:01:15 (1010 turns).

vishdafish the Slasher (Demonspawn Gladiator)       Turns: 1010, Time: 00:01:16

Health: 17/28      AC:  7    Str: 15    XL:     3   Next: 0%
Magic:  3/3        EV: 11    Int:  9    God:
Gold:   119        SH:  0    Dex: 14    Spells: 2/2 levels left

rFire    . . .     SeeInvis .   a - +0 long sword
rCold    . . .     Gourm    .   (no shield)
rNeg     . . .     Faith    .   b - +0 leather armour
rPois    .         Spirit   .   c - +0 helmet
rElec    .         Reflect  .   (no cloak)
rCorr    .         Harm     .   (no gloves)
MR       .....                  (no boots)
Stlth    +.........             (no amulet)
HPRegen  0.09/turn              m - +3 ring of protection
MPRegen  0.08/turn              (no ring)

@: heavily drained
A: demonic guardian 1, powered by pain 1
a: no special abilities


You were on level 2 of the Dungeon.
You were hungry.

You visited 1 branch of the dungeon, and saw 2 of its levels.

You collected 119 gold pieces.

Inventory:

Hand Weapons
 a - a +0 long sword (weapon)
Missiles
 d - 3 throwing nets (quivered)
Armour
 b - a +0 leather armour (worn)
 c - a +0 helmet (worn)
Jewellery
 m - a +3 ring of protection (left hand)
Scrolls
 g - 3 scrolls of identify {unknown}
 h - a scroll of enchant armour {unknown}
 i - 4 scrolls of amnesia {unknown}
 k - a scroll of noise {unknown}
Potions
 e - a potion of might {unknown}
 j - 2 potions of curing {unknown}
 l - a potion of heal wounds {unknown}
Comestibles
 f - 6 rations


   Skills:
 + Level 2.3(0.0) Fighting
 * Level 3.2(0.8) Long Blades
 + Level 1.8(0.0) Throwing
 + Level 3.0(0.7) Dodging


You had 2 spell levels left.
You didn't know any spells.

Dungeon Overview and Level Annotations

Branches:
Dungeon (2/15)

Altars:


Innate Abilities, Weirdness & Mutations

A weak demonic guardian rushes to your aid.
You sometimes gain a little power by taking damage.


Message History

The bat closely misses you.
You hit the bat but do no damage. The bat hits you but does no damage. x2
The bat hits you.
You barely miss the bat. The bat hits you but does no damage.
The bat hits you but does no damage.
You closely miss the bat. The bat barely misses you.
You riposte.
You closely miss the bat. The bat barely misses you.
You riposte.
You barely miss the bat.
You see here a club.
You barely miss the bat. The bat hits you but does no damage. x2
You slash the bat!
You kill the bat!
You have reached level 3!
Your experience leads to an increase in your attributes!
Increase (S)trength, (I)ntelligence, or (D)exterity?
You feel stronger.
Your demonic ancestry asserts itself...
You feel energised by your suffering.
You start resting.
You are feeling hungry.
Are you sure you want to abandon this character and quit the game? (Confirm with "yes".)

# #.# .....
.. # #.# ..#.
#. # #.# #
#..... # #.#
#. #..#. #
#.# ... ....
# #.# #....
#.. # #.#
##...##.#
###.#
.........†#
..#.#
#.......#@#
#.#.#
#.#.###.#.#
..#.# #.#.#
#.#.# ..#.#
#.#.# #.#.#
###.#
#.#.###.#.#
..#.#
#.#...#.#.#
#.#.#
#....)....#
.(#.#
###.###.###
###.#
#...#.######.


There were no monsters in sight!

Vanquished Creatures
  2 dart slugs (D:1)
  A leopard gecko (D:2)
  A ball python (D:2)
  A giant cockroach (D:1)
  A goblin (D:1)
  A hobgoblin (D:1)
  2 jackals (D:1)
  5 bats
  A frilled lizard (D:1)
  4 kobolds
  4 rats (D:1)
23 creatures vanquished.

Notes
Turn   | Place    | Note
-------+----------+-------------------------------------------
     0 | D:1      | vishdafish the Demonspawn Gladiator began the quest for the Orb.
     0 | D:1      | Reached XP level 1. HP: 16/16 MP: 1/1
   118 | D:1      | Gained mutation: A weak demonic guardian rushes to your aid. [demonic ancestry]
   118 | D:1      | Reached XP level 2. HP: 15/22 MP: 2/2
  1000 | D:2      | Gained mutation: You sometimes gain a little power by taking damage. [demonic ancestry]
  1000 | D:2      | Reached XP level 3. HP: 17/28 MP: 3/3
  1010 | D:2      | Quit the game

Vault maps used:
D:1:      minmay_arrival_three_doors, minivault_19, minmay_misc_feat_tower,
          minmay_tromino_i4
D:2:      cheibrodos_greedy_goblins, moated_statue, okawaru_gym_becter

Skill      XL: |  1  2 |
---------------+-------+-----
Long Blades    | 3 |  3.2
Dodging        | 3 |  3.0
Fighting       | |  2.3
Throwing       | |  1.8

Action                   || total
-------------------------++-------
Melee: Long sword        ||    79
Armor: Leather armour    ||    46
Dodge: Dodged            ||    64
       Rpst.: Long sword ||    22

Table legend:
 A = Spawn XP
 B = Non-spawn XP
 C = Spawn XP percentage of total XP
 D = Spawn monster count
 E = Non-spawn monster count
 F = Spawn count percentage of total count
 G = Total turns spent on level
                    A         B        C        D         E        F      G
               +---------+---------+-------+---------+---------+-------+---------
         Total |       0 |      41 |   0.0 |       0 |      23 |   0.0 |  1010
               +---------+---------+-------+---------+---------+-------+---------
           D:1 |       0 |      28 |   0.0 |       0 |      16 |   0.0 |   672
           D:2 |       0 |      13 |   0.0 |       0 |       7 |   0.0 |   338
               +---------+---------+-------+---------+---------+-------+---------
